AoeStats
← Erfi

Arabia

505522605Analyzed
2v2 RM · 22d ago on Sep 9, 2026· 63m 8s· 4 players
Game mode
Random Map
Map size
Medium (4 player)
Population
200
Speed
Normal
Resources
Standard
Victory
Conquest
Starting age
Dark Age
Ending age
Imperial Age
RankedLock teamsTeams togetherTeam positionsShared explorationLock speedFull tech treeHidden civsTurbo modeCheats
Victory
Defeat
🇵🇱 Vietnamese · Poland
801
+14
🇵🇱 Franks · Poland
801
+14
🇮🇱 Franks · Israel
811
-16
🇩🇪 Goths · Germany
700
-12
Erfi
5:19 Loom
11:41 Feudal Age
12:02 Horse Collar
12:09 Double-Bit Axe
19:59 Castle Age
24:59 Heavy Plow
25:46 Squires
29:04 Forging
28:59 Scale Mail Armor
29:16 Pikeman
32:20 Wheelbarrow
42:03 Anarchy
52:48 Imperial Age
55:16 Hand Cart
56:24 Elite Huskarl
58:28 Bow Saw
59:39 Halberdier
fire.fox.7f
7:29 Loom
11:57 Feudal Age
15:12 Double-Bit Axe
17:37 Castle Age
23:42 Murder Holes
25:13 Bow Saw
25:52 Fletching
26:02 Padded Archer Armor
26:38 Bodkin Arrow
26:47 Elite Skirmisher
29:05 Leather Archer Armor
29:06 Pikeman
31:22 Ballistics
32:06 Scale Barding Armor
35:21 Imperial Age
33:31 Wheelbarrow
33:40 Wheelbarrow
35:01 Stone Mining
35:02 Gold Mining
35:57 Husbandry
40:42 Siege Engineers
41:36 Chivalry
41:58 Conscription
41:36 Cavalier
42:45 Hand Cart
43:47 Chain Barding Armor
43:37 Forging
45:58 Iron Casting
46:51 Gold Shaft Mining
49:52 Scale Mail Armor
53:13 Halberdier
Kostek
6:41 Loom
10:30 Feudal Age
11:52 Double-Bit Axe
11:48 Horse Collar
14:37 Fletching
16:28 Padded Archer Armor
16:23 Horse Collar
18:03 Gold Mining
22:57 Castle Age
22:04 Town Watch
22:28 Stone Mining
23:11 Crossbowman
26:11 Wheelbarrow
28:50 Thumb Ring
29:22 Bodkin Arrow
30:05 Bow Saw
32:19 Ballistics
32:19 Heavy Plow
32:36 Squires
32:32 Arson
40:05 Hand Cart
46:42 Forging
46:33 Scale Mail Armor
49:20 Imperial Age
48:24 Iron Casting
48:32 Chain Mail Armor
48:24 Treadmill Crane
50:13 Murder Holes
50:05 Elite Rattan Archer
52:27 Chemistry
52:09 Sappers
56:58 Bombard Tower
56:25 Arrowslits
57:51 Careening
60:10 Crop Rotation
60:21 Arbalester
63:14 Two-Man Saw
62:25 Siege Engineers
62:55 Heated Shot
63:26 Bracer
63:42 Leather Archer Armor
riven
6:59 Loom
9:44 Feudal Age
11:26 Double-Bit Axe
19:21 Castle Age
17:49 Stone Mining
21:35 Husbandry
24:11 Scale Barding Armor
23:47 Light Cavalry
25:46 Squires
27:56 Forging
27:45 Pikeman
29:49 Arson
34:38 Chain Barding Armor
34:54 Iron Casting
34:09 Fletching
34:20 Padded Archer Armor
34:20 Scale Mail Armor
42:01 Imperial Age
42:22 #83
42:39 Iron Casting
42:20 Leather Archer Armor
42:36 Chain Mail Armor
42:27 Cavalier
47:15 Blast Furnace
46:51 Plate Barding Armor
47:53 Paladin
55:02 Chemistry
53:58 Murder Holes
54:24 Ballistics
60:08 Plate Mail Armor
61:13 Bodkin Arrow
Connection lost

Rejoining the realm…

Still unreachable

The connection could not be restored.

Session expired

The server has moved on; the page needs a fresh start.